 Dungeon Crawl Stone Soup version 0.29-a0-334-gb41bcbb86e (webtiles) character file.

Game seed: 4064599103190451648

25 spaghetti the Magician (level 2, -3/19 HPs)
             Began as a Demonspawn Venom Mage on Apr 14, 2022.
             Slain by a gnoll
             ... wielding a +0 spear
              (8 damage)
             ... on level 1 of the Dungeon.
             The game lasted 00:02:02 (886 turns).

spaghetti the Magician (Demonspawn Venom Mage)       Turns: 886, Time: 00:02:03

Health: -3/19      AC:  3    Str:  8    XL:     2   Next: 86%
Magic:  0/6        EV: 12    Int: 16    God:
Gold:   16         SH:  4    Dex: 13    Spells: 6/7 levels left

rFire   . . .      SeeInvis .   j - +0 whip (pain) {mace}
rCold   . . .      Faith    .   (no shield)
rNeg    . . .      Spirit   .   a - +0 robe
rPois   .          Reflect  .   (no helmet)
rElec   .          Harm     .   k - +0 cloak
rCorr   .          Rampage  .   (no gloves)
Will    .....                   (no boots)
Stlth   ++........              (no amulet)
HPRegen 0.06/turn               (no ring)
MPRegen 0.10/turn               (no ring)

@: attractive
A: condensation shield
a: no special abilities


You were on level 1 of the Dungeon.
You visited 1 branch of the dungeon, and saw 1 of its levels.

You collected 16 gold pieces.


Innate Abilities, Weirdness & Mutations

A meltable shield of frost defends you. (SH +4)


   Skills:
 - Level 1.7 Dodging
 - Level 1.7 Stealth
 + Level 3.2 Spellcasting
 - Level 0.8 Transmutations
 - Level 3.0 Poison Magic


You had 6 spell levels left.
You knew the following spells:

 Your Spells              Type           Power      Damage    Failure   Level
a - Sting                 Tmut/Pois      32%        1d4       9%          1

Your spell library contained the following spells:

 Spells                   Type           Power      Damage    Failure   Level
 Poisonous Vapours        Pois/Air       14%        N/A       16%         2
 Mephitic Cloud           Conj/Pois/Air  5%         N/A       36%         3
 Olgreb's Toxic Radiance  Pois           12%        N/A       47%         4
 Fireball                 Conj/Fire      1%         3d3       99%         5
 Starburst                Conj/Fire      1%         6d3       100%        6
 Ignition                 Fire           1%         3d3       100%        8

Inventory:

Hand Weapons
 d - a +0 club {mace}
   (You took it off a goblin on level 1 of the Dungeon)
 f - a +0 flail {mace}
   (You found it on level 1 of the Dungeon)
 j - a +0 whip of pain (weapon) {mace}
   (You found it on level 1 of the Dungeon)
Armour
 a - a +0 robe (worn)
 k - a +0 cloak (worn)
   (You found it on level 1 of the Dungeon)
Scrolls
 e - a scroll of teleportation {@r4}
 h - a scroll of blinking {unknown}
 i - 2 scrolls of enchant weapon {unknown}
 l - a scroll of magic mapping {unknown}
Potions
 b - a potion of magic
 g - 2 potions of attraction {!q}

Dungeon Overview and Level Annotations

Branches:
Dungeon (1/15)

Altars:

#.#######.# #.#
..........######.#####
....[##........>.....#
####.###########.###.#
# .# .........# # #
#######.)# #
#..#####.# #
#........# #
#@######## #g# #.# ..#
###


You could see a gnoll (very poisoned).


Message History

😎 MP[-1]
You lost 1 mp, and now have 4/6 mp.
Aiming: Sting (safe; 9% risk of failure)
Press: ? - help, Q - select action Shift-Dir - straight line, f/p - quokka
Aim: a quokka (poisoned, 56% to hit)
The sting hits the quokka.
The quokka looks even sicker.
The quokka barely misses you. 😎 MP[-1]
You lost 1 mp, and now have 3/6 mp.
Aiming: Sting (safe; 9% risk of failure)
Press: ? - help, Q - select action Shift-Dir - straight line, f/p - quokka
Aim: a quokka (severely wounded, very poisoned, 56% to hit)
The sting misses the quokka.
The quokka bites you but does no damage. x2 😎 MP[-1]
You lost 1 mp, and now have 2/6 mp.
Aiming: Sting (safe; 9% risk of failure)
Press: ? - help, Q - select action Shift-Dir - straight line, f/p - quokka
Aim: a quokka (severely wounded, very poisoned, 56% to hit)
The sting hits the quokka.
The quokka looks even sicker.
You kill the quokka! 😎 MP[-1]
You lost 1 mp, and now have 1/6 mp.
Aiming: Sting (safe; 9% risk of failure)
Press: ? - help, Q - select action Shift-Dir - straight line, f - goblin
Aim: a goblin, wielding a +0 club (60% to hit)
The sting hits the goblin.
The goblin is poisoned.
The goblin misses you. 😎 MP[-1]
You lost 1 mp, and now have 0/6 mp.
You don't have enough magic to cast this spell.
Unknown command.
You don't have enough magic to cast this spell.
Unknown command.
You don't have enough magic to cast this spell.
Unknown command.
You completely miss the goblin. The goblin barely misses you.
Your magical contamination has completely faded away.
You barely miss the goblin. The goblin barely misses you.
You closely miss the goblin.
The goblin hits you with a +0 club. 😕 HP[-2]
You take 2 damage, and now have 17/19 hp.
You barely miss the goblin.
The goblin hits you with a +0 club. 😮 HP[-3] MP[+1]
You take 3 damage, and now have 14/19 hp.
You hit the goblin.
You kill the goblin!
Things that are here:
a +0 club {mace}; a goblin corpse You start resting.
A gnoll comes into view. It is wielding a +0 spear.
A gnoll is nearby!
A gnoll is nearby!
A gnoll is nearby!
A gnoll is nearby! 😕 HP[+1]
The gnoll shouts!
The gnoll barely misses you.
Aiming: Sting (safe; 9% risk of failure)
Press: ? - help, Q - select action Shift-Dir - straight line, f - gnoll
Aim: a gnoll, wielding a +0 spear (72% to hit)
The sting hits the gnoll but does no damage.
The gnoll is poisoned.
The gnoll hits you with a +0 spear. 😮 HP[-4] MP[-1]
You take 4 damage, and now have 11/19 hp.
MASSIVE DAMAGE!! (PAUSE)
You lost 1 mp, and now have 0/6 mp.
You don't have enough magic to cast this spell.
Unknown command.
You don't have enough magic to cast this spell.
Unknown command.
You hit the gnoll but do no damage. The gnoll barely misses you. 😮 MP[+1]
Okay, then.
Aiming: Sting (safe; 9% risk of failure)
Press: ? - help, Q - select action Shift-Dir - straight line, f/p - gnoll
Aim: a gnoll, wielding a +0 spear (lightly wounded, poisoned, 72% to hit)
The sting hits the gnoll but does no damage.
The gnoll looks even sicker.
The gnoll barely misses you. 😮 MP[-1]
You lost 1 mp, and now have 0/6 mp.
It was a potion of attraction.
You feel attractive to monsters. The gnoll hits you with a +0 spear.
* * * LOW HITPOINT WARNING * * *
😨 HP[-4]
You take 4 damage, and now have 7/19 hp.
MASSIVE DAMAGE!! (PAUSE)
As you read the scroll labelled OLECEM SADIOMENI, it crumbles to dust.
It is a scroll of identify.
e - a scroll of teleportation The gnoll hits you with a +0 spear.
* * * LOW HITPOINT WARNING * * *
😨 HP[-2]
You take 2 damage, and now have 5/19 hp.
Okay, then.
You barely miss the gnoll. The gnoll hits you with a +0 spear!
You die...

Skill      XL: |  1  2 |
---------------+-------+-----
Spellcasting   | 3 |  3.2
Dodging        | |  1.7
Stealth        | |  1.7
Transmutations | |  0.8
Poison Magic   | |  3.0

Action                   || total
-------------------------++-------
Melee: Unarmed           ||     7
       Whip              ||    17
       Punch             ||     2
 Cast: Sting             ||    39
  Use: Scroll            ||     1
       Potion            ||     1
 Stab: Sleeping          ||     1
Armor: Robe              ||    11
Dodge: Dodged            ||    22
Block: Other             ||     2

Levels and vault maps discovered:
D:1:      ldierk_walled_garden, layout_loops_ring, ebering_ecumenical_altar_webs

Notes
Turn   | Place    | Note
-------+----------+-------------------------------------------
     0 | D:1      | spaghetti the Demonspawn Venom Mage began the quest for the
                  | Orb.
     0 | D:1      | Reached XP level 1. HP: 13/13 MP: 3/3
     0 | D:1      | magus.rc [v1.9.6]
   443 | D:1      | Gained mutation: A meltable shield of frost defends you.
                  | (SH +4) [demonic ancestry]
   443 | D:1      | Reached XP level 2. HP: 18/19 MP: 1/5
   632 | D:1      | You pick up a book of Fire and begin reading...
   632 | D:1      | You add the spells Fireball, Starburst and Ignition to your
                  | library.
   689 | D:1      | Reached skill level 3 in Spellcasting
   886 | D:1      | Slain by a gnoll

Vanquished Creatures
  A dart slug (D:1)
  3 ball pythons (D:1)
  3 endoplasms (D:1)
  A giant cockroach (D:1)
  3 goblins (D:1)
  2 hobgoblins (D:1)
  A quokka (D:1)
  5 bats (D:1)
  4 rats (D:1)
23 creatures vanquished.

Vanquished Creatures (others)
  5 toadstools (D:1)
5 creatures vanquished.

Grand Total: 28 creatures vanquished

Table legend:
 A = Non-vault XP
 B = Vault XP
 C = Vault XP percentage of total XP
 D = Non-vault monster count
 E = Vault monster count
 F = Vault count percentage of total count
                 A         B        C        D         E       F
            +---------+---------+-------+---------+---------+-------
      Total |      37 |       0 |   0.0 |      23 |       0 |   0.0
            +---------+---------+-------+---------+---------+-------
        D:1 |      37 |       0 |   0.0 |      23 |       0 |   0.0
            +---------+---------+-------+---------+---------+-------

Illustrated notes

Table legend:
 A = Kills in this place as a percentage of kills in entire the game.
 B = Kills by you in this place as a percentage of kills by you in the entire game.
 C = Kills by friends in this place as a percentage of kills by friends in the entire game.
 D = Other kills in this place as a percentage of other kills in the entire game.
 E = Experience gained in this place as a percentage of experience gained in the entire game.
 F = Experience gained in this place divided by the number of levels of this place that you have seen.
                   A       B       C       D       E      F
               +-------+-------+-------+-------+-------+----------------------
         Total | 100.0 | 100.0 |   N/A |   N/A | 100.0 |  37.0
       Dungeon | 100.0 | 100.0 |   N/A |   N/A | 100.0 |  37.0
               +-------+-------+-------+-------+-------+----------------------

Table legend: (Time is in decaauts)
 A = Elapsed time spent in this place.
 B = Non-inter-level travel time spent in this place.
 C = Inter-level travel time spent in this place.
 D = Time resting spent in this place.
 E = Time spent auto-exploring this place.
 F = Levels seen in this place.
 G = Mean time per level.
                   A        B        C        D        E       F      G
               +--------+--------+--------+--------+--------+-----+--------+
         Total |    890 |    861 |     29 |     78 |    640 |   1 |  890.0 |
       Dungeon |    890 |    861 |     29 |     78 |    640 |   1 |  890.0 |
               +--------+--------+--------+--------+--------+-----+--------+

Top non-repeatable levels by time:
     D:1: 890 daAuts
